 Dungeon Crawl Stone Soup version 0.23.0 (webtiles) character file.

Game seed: 16884300516601229043

59647 Kairos the Cleaver (level 14, 0/77 HPs)
             Began as a Vine Stalker Fighter on Feb 11, 2019.
             Was the Champion of Okawaru.
             Killed by angry trees
             ... awakened by a spriggan druid
              (3 damage)
             ... on level 2 of the Swamp.
             The game lasted 00:58:24 (19255 turns).

Kairos the Cleaver (Vine Stalker Fighter)          Turns: 19255, Time: 00:58:25

Health: 0/77       AC: 21    Str: 26    XL:     14   Next: 95%
Magic:  0/25       EV: 16    Int:  8    God:    Okawaru [******]
Gold:   813        SH: 15    Dex: 15    Spells: 13/13 levels left

rFire    . . .     SeeInvis .   V - +0 hand axe (flame)
rCold    . . .     Gourm    .   c - +0 shield
rNeg     + . .     Faith    .   k - +1 plate armour of the Places {rElec rN+ Str+3 Slay+3}
rPois    .         Spirit   +   y - +1 hat
rElec    +         Reflect  .   D - +0 cloak {+Inv}
rCorr    .         Harm     .   B - +0 pair of gloves {archery}
MR       +....                  (no boots)
Stlth    ..........             i - amulet of the acrobat
HPRegen  1.02/turn              j - +3 ring of evasion
MPRegen  0.19/turn              Y - ring of magical power

@: about to teleport, heroism, finesse
A: fangs 3, regeneration 2, magic shield, antimagic bite, no potion heal 3, rot
immunity
a: Heroism, Finesse, Renounce Religion, Evoke Invisibility


You were on level 2 of the Swamp.
You worshipped Okawaru.
Okawaru was exalted by your worship.
You were not hungry.

You visited 4 branches of the dungeon, and saw 18 of its levels.

You collected 1187 gold pieces.
You spent 374 gold pieces at shops.

Inventory:

Hand Weapons
 m - a +0 hand crossbow
 v - the +8 hunting sling of Zaetraoh {venom, *Contam rElec rPois Int+5}
   (You took it off an orc on level 3 of the Dungeon)

   It poisons the ammo it fires.
   It affects your intelligence (+5).
   It insulates you from electricity.
   It protects you from poison.
   It causes magical contamination when unequipped.
 T - the +8 mithril axe "Arga" {speed, MR+}
   (Okawaru gifted it to you on level 2 of the Lair of Beasts)

   Attacks with this weapon are significantly faster.
   It affects your resistance to hostile enchantments.
 V - a +0 hand axe of flaming (weapon)
Missiles
 q - 101 sling bullets
 L - 6 throwing nets (quivered)
Armour
 c - a +0 shield (worn)
 k - the +1 plate armour of the Places (worn) {rElec rN+ Str+3 Slay+3}
   (You found it on level 1 of the Lair of Beasts)

   It affects your strength (+3).
   It affects your accuracy and damage with ranged weapons and melee attacks
   (+3).
   It insulates you from electricity.
   It protects you from negative energy.
 s - a +2 chain mail of fire resistance
 w - a +1 plate armour of magic resistance
 y - a +1 hat (worn)
 B - a +0 pair of gloves of archery (worn)
 D - a +0 cloak of invisibility (worn)
Jewellery
 a - an uncursed ring of stealth
 b - the ring of Kyehalid {Wiz rElec MR+ Slay-5}
   (You found it on level 8 of the Dungeon)

   [ring of wizardry]

   It improves your spell success rate.
   It affects your accuracy and damage with ranged weapons and melee attacks
   (-5).
   It insulates you from electricity.
   It affects your resistance to hostile enchantments.
 i - an amulet of the acrobat (around neck)
 j - a +3 ring of evasion (left hand)
 l - an uncursed ring of protection from magic
 O - an uncursed ring of fire
 W - an uncursed ring of protection from magic
 X - an uncursed ring of protection from magic
 Y - a ring of magical power (right hand)
 Z - an uncursed ring of positive energy
Wands
 G - a wand of disintegration (7)
 H - a wand of paralysis (19)
 I - a wand of polymorph (11)
 K - a wand of acid (18)
 P - a wand of scattershot (5)
 S - a wand of iceblast (11)
Scrolls
 g - 4 scrolls of amnesia
 n - 9 scrolls of teleportation
 o - 5 scrolls of remove curse
 u - a scroll of noise {unknown}
 A - 7 scrolls of fog
 E - a scroll of fear
 F - 3 scrolls of summoning
 R - a scroll of magic mapping
Potions
 d - 2 potions of might
 e - 8 potions of curing
 h - a potion of resistance
 p - 2 potions of invisibility
 r - 5 potions of flight
 t - 2 potions of berserk rage
 x - 5 potions of agility
 z - 4 potions of haste
 C - 3 potions of magic
 J - 2 potions of cancellation
 N - 3 potions of brilliance {unknown}
 Q - 3 potions of lignification {unknown}
 U - 2 potions of ambrosia {unknown}
Comestibles
 f - 30 rations
 M - 2 chunks of flesh


   Skills:
 + Level 10.1(15.1) Fighting
 + Level 14.8(19.9) Axes
   Level 2.9(15.3) Maces & Flails
 + Level 9.2(14.2) Armour
 + Level 4.5(9.5) Dodging
 + Level 4.9(9.9) Stealth
 + Level 10.6(15.6) Shields
 + Level 1.8 Invocations
 + Level 1.1 Evocations


You had 13 spell levels left.
You didn't know any spells.
Your spell library contained the following spells:

 Spells                   Type           Power        Failure   Level  Hunger
 Beastly Appendage        Tmut           #.....       97%         1    ##.....
 Magic Dart               Conj           #...         97%         1    ##.....
 Searing Ray              Conj           #.....       99%         2    ###....
 Sticks to Snakes         Tmut           #.......     99%         2    ###....
 Dazzling Spray           Conj/Hex       #.....       100%        3    ####...
 Spider Form              Tmut/Pois      #.........   100%        3    ####...
 Force Lance              Conj/Tloc      #.......     100%        4    #####..
 Fulminant Prism          Conj/Hex       #.........   100%        4    #####..
 Ice Form                 Ice/Tmut       #.......     100%        4    #####..
 Iskenderun's Mystic Bla  Conj           #.......     100%        4    #####..
 Blade Hands              Tmut           #.........   100%        5    ######.


Dungeon Overview and Level Annotations

Branches:
Dungeon (9/15)             Temple (1/1) D:7            Lair (6/6) D:9
  Swamp (2/4) Lair:3       Spider (0/4) Lair:2        Slime (0/5) Lair:5
    Orc: D:9-12

Altars:
Ashenzari
Cheibriados
Dithmenos
Elyvilon
Fedhas
Gozag
Hepliaklqana
Kikubaaqudgha
Makhleb
Nemelex Xobeh
Okawaru
Qazlal
Ru
Sif Muna
Trog
Uskayaw
Vehumet
Wu Jian
Xom
Yredelemnul
Zin
The Shining One
Beogh
Lugonu

Shops:
D:4 *   D:5 ?

Annotations:
D:8 1 transporter
Swamp:2 1 transporter


Innate Abilities, Weirdness & Mutations

You have razor-sharp teeth.
You heal very quickly.
When hurt, damage is shared between your health and your magic reserves.
Your bite disrupts and absorbs the magic of your enemies.
Potions cannot restore your health.
You are immune to rotting.


Message History

Trunks creak and shift.
A tree reaches out and hits you.
* * * LOW HITPOINT WARNING * * *
You block the four-headed hydra's attack.
The four-headed hydra bites you but does no damage.
You block the four-headed hydra's attack.
The four-headed hydra closely misses you.
You block the spriggan druid's attack.
You see here an ugly thing corpse.
You can now deal lightning-fast blows.
A root smacks you from below!
* * * LOW HITPOINT WARNING * * *
You block the four-headed hydra's attack. x2
The four-headed hydra bites you.
* * * LOW HITPOINT WARNING * * *
The four-headed hydra barely misses you.
The spriggan druid hits you but does no damage.
As you read the scroll of teleportation, it crumbles to dust.
You feel strangely unstable.
You are hit by a branch.
You die...

...≈≈.≈≈≈≈≈≈.♣ ♣.©.♣
≈≈≈≈≈≈...≈w≈≈♣♣....♣
..≈≈≈≈≈≈.....≈.?≈.≈♣
≈..≈≈≈≈≈.).♣)F.♣..♣
≈≈≈≈≈.....♣♣♣w♣♣
..≈≈≈.≈.≈♣♣♣.).♣♣♣
♣♣.......♣ ♣♣u.≈≈♣♣
♣♣♣♣≈..≈♣♣♣♣♣.≈Di.♣
♣♣..≈≈......u≈.@≈♣
♣♣≈.≈.....####.♣..≈...≈≈
♣♣♣.♣.....# #...≈..u[.♣.
♣♣♣♣.###...w....u.♣♣≈♣♣
≈♣♣♣.# ..##...#...≈≈≈♣
.≈♣..#.#..##......♣♣ ♣♣
≈≈≈≈.............♣♣
≈≈≈≈...##...#. ..♣
..........


You could see a four-headed hydra, 4 ugly things, a tyrant leech (fleeing), a
spriggan druid, a spiny frog (fleeing) and 2 swamp worms.

Vanquished Creatures
  Jorgrun (Swamp:2)
  Kirke (Lair:4)
  Harold (D:8)
  11 hydras
  Erica (Lair:2)
  3 catoblepae
  A deep troll shaman (Lair:6)
  10 death yaks
  5 alligators (Swamp:1)
  Sonja (Lair:2)
  4 spriggans
  A fire crab (Lair:6)
  A lindwurm (Lair:6)
  2 swamp dragons
  Pikel (D:5)
  An ugly thing (Swamp:2)
  7 elephants (Lair:6)
  Joseph (D:7)
  4 black mambas
  4 spiny frogs
  4 rime drakes
  A komodo dragon (Lair:6)
  A queen bee (Lair:2)
  3 polar bears (Lair:6)
  3 tyrant leeches
  3 hornets (Swamp:1)
  8 hippogriffs
  3 bog bodies
  24 blink frogs
  A redback (Lair:2)
  Sigmund (D:4)
  13 yaks (Lair:5)
  A shadow (Swamp:1)
  A wyvern (Lair:3)
  5 hogs (Lair:4)
  5 vampire mosquitoes
  A basilisk (Lair:2)
  7 swamp worms (Swamp:1)
  8 porcupines
  15 water moccasins
  3 swamp drakes
  A hornet zombie (D:7)
  2 orc warriors
  5 sky beasts
  6 ogres
  2 black bears
  2 ice beasts (D:6)
  2 phantoms
  A necrophage (D:8)
  10 wolves
  9 centaurs
  12 crocodiles
  2 big kobolds
  The ghost of Kairos the Shield-Bearer, an amateur VSFi (D:3)
  11 bullfrogs
  2 gnoll sergeants
  4 scorpions
  29 killer bees
  8 wights
  2 howler monkeys
  3 electric eels (Lair:1)
  4 crimson imps
  9 hounds
  4 jellies (Lair:5)
  4 orc priests
  Crazy Yiuf (D:5)
  8 orc wizards
  7 iguanas
  5 worker ants
  2 hound zombies
  A hound skeleton (D:8)
  2 worker ant zombies (D:7)
  7 adders
  11 gnolls
  3 shadow imps
  3 oozes (Lair:5)
  An adder skeleton (D:4)
  An adder zombie (D:7)
  5 worms
  2 dart slugs
  6 leopard geckos
  25 orcs
  3 giant cockroaches
  13 goblins
  17 hobgoblins
  10 jackals
  6 quokkas
  A ball python (D:6)
  10 bats
  6 frilled lizards
  A jackal skeleton (D:5)
  19 kobolds
  A quokka zombie (D:6)
  7 rats
  5 fungi
  2 plants
498 creatures vanquished.

Vanquished Creatures (others)
  Prince Ribbit (D:5)
  A vampire mosquito (Swamp:1)
  A porcupine (Lair:5)
  A swamp drake (Swamp:1)
  A slave (D:5)
  An iguana (Lair:3)
  4 fungi
  A plant (Lair:6)
11 creatures vanquished.

Grand Total: 509 creatures vanquished

Notes
Turn   | Place    | Note
-------+----------+-------------------------------------------
     0 | D:1      | Kairos the Vine Stalker Fighter began the quest for the
                  | Orb.
     0 | D:1      | Reached XP level 1. HP: 11/11 MP: 2/2
    22 | D:1      | Reached XP level 2. HP: 11/16 MP: 3/3
   424 | D:1      | Reached skill level 2 in Axes
   456 | D:2      | Reached XP level 3. HP: 20/20 MP: 4/4
   493 | D:2      | Found an ancient bone altar of Kikubaaqudgha.
  1085 | D:2      | Found a white marble altar of Elyvilon.
  1535 | D:3      | Gained mutation: Your natural rate of healing is unusually
                  | fast. [Vine Stalker growth]
  1535 | D:3      | Reached XP level 4. HP: 9/24 MP: 2/5
  1726 | D:3      | Reached skill level 3 in Axes
  1802 | D:3      | Reached XP level 5. HP: 28/28 MP: 6/6
  1843 | D:3      | Found a sparkling altar of Nemelex Xobeh.
  1897 | D:3      | Found a runed translucent gate.
  1897 | D:3      | Noticed Kairos's ghost (amateur VSFi)
  2021 | D:3      | Found a runed translucent gate.
  2021 | D:3      | Found a runed translucent gate.
  2022 | D:3      | Identified the +8 hunting sling of Zaetraoh {venom, *Contam
                  | rElec rPois Int+5}
  2681 | D:3      | Found a roughly hewn altar of Beogh.
  2724 | D:3      | Killed Kairos's ghost
  2827 | D:4      | Reached skill level 4 in Axes
  2827 | D:4      | Reached XP level 6. HP: 27/32 MP: 4/7
  2905 | D:4      | Noticed a phantom
  2932 | D:4      | Killed a phantom
  2932 | D:4      | Reached skill level 1 in Dodging
  2932 | D:4      | Reached XP level 7. HP: 29/37 MP: 8/8
  3046 | D:4      | Noticed Sigmund
  3054 | D:4      | Killed Sigmund
  3054 | D:4      | Reached skill level 5 in Axes
  3368 | D:4      | Found an opulent altar of Gozag.
  3768 | D:4      | Found Muagaav's Assorted Antiques.
  4022 | D:4      | Reached skill level 1 in Stealth
  4022 | D:4      | Gained mutation: You have razor-sharp teeth. [Vine Stalker
                  | growth]
  4022 | D:4      | Reached XP level 8. HP: 42/42 MP: 9/9
  4159 | D:5      | Entered Level 5 of the Dungeon
  4213 | D:5      | Found a hide-covered altar of Uskayaw.
  4447 | D:5      | Noticed Pikel
  4470 | D:5      | Killed Pikel
  4470 | D:5      | Reached skill level 6 in Axes
  4673 | D:5      | Found Dira's Magic Scroll Boutique.
  4687 | D:5      | Found a deep blue altar of Sif Muna.
  4689 | D:5      | Found a white marble altar of Elyvilon.
  4689 | D:5      | Found a shimmering altar of Xom.
  4691 | D:5      | Found a bloodstained altar of Trog.
  4691 | D:5      | Found a hazy altar of Hepliaklqana.
  4691 | D:5      | Found a deep blue altar of Sif Muna.
  4933 | D:5      | Found a burning altar of Makhleb.
  4981 | D:5      | Found a runed translucent door.
  4982 | D:5      | Noticed Crazy Yiuf
  5037 | D:5      | Killed Prince Ribbit
  5231 | D:5      | Killed Crazy Yiuf
  5342 | D:6      | Found a hazy altar of Hepliaklqana.
  5374 | D:6      | Reached skill level 5 in Shields
  5374 | D:6      | Reached XP level 9. HP: 41/46 MP: 8/10
  5415 | D:6      | Reached skill level 7 in Axes
  5704 | D:6      | Reached skill level 5 in Fighting
  5867 | D:6      | Found a shadowy altar of Dithmenos.
  6318 | D:7      | Found a shattered altar of Ashenzari.
  6338 | D:7      | Reached skill level 8 in Axes
  6692 | D:7      | Found a staircase to the Ecumenical Temple.
  6704 | Temple   | Entered the Ecumenical Temple
  6781 | Temple   | Became a worshipper of Warmaster Okawaru
  6937 | D:7      | Noticed Joseph
  6947 | D:7      | Killed Joseph
  6947 | D:7      | Reached skill level 5 in Armour
  6947 | D:7      | Reached XP level 10. HP: 31/51 MP: 11/11
  6979 | D:7      | Found a glowing silver altar of Zin.
  6980 | D:7      | Found a sacrificial altar of Ru.
  7256 | D:8      | Reached * piety under Okawaru
  7686 | D:8      | Found a stormy altar of Qazlal.
  7770 | D:8      | Noticed Harold
  7799 | D:8      | Reached skill level 9 in Axes
  8822 | D:8      | Found a corrupted altar of Lugonu.
  8823 | D:8      | Noticed a cyan ugly thing
  8824 | D:8      | Noticed a brown ugly thing
  8826 | D:8      | Noticed a purple ugly thing
  8827 | D:8      | Noticed a red ugly thing
  8964 | D:8      | Found a transporter.
  8968 | D:8      | Found a transporter.
  9008 | D:8      | Killed Harold
  9008 | D:8      | Reached ** piety under Okawaru
  9421 | D:9      | Found a staircase to the Lair.
  9814 | D:9      | Reached XP level 11. HP: 51/58 MP: 10/12
 10047 | D:9      | Found a deep blue altar of Sif Muna.
 10085 | D:9      | Found an ornate altar of the Wu Jian Council.
 10184 | D:9      | Reached *** piety under Okawaru
 10200 | D:9      | Reached skill level 10 in Axes
 11057 | D:4      | Bought a glowing chain mail for 187 gold pieces
 11057 | D:4      | Bought a scroll of enchant weapon for 187 gold pieces
 11501 | D:8      | Got a slimy marble ring
 11653 | D:8      | Identified the ring of Kyehalid {Wiz rElec MR+ Slay-5} (You
                  | found it on level 8 of the Dungeon)
 11680 | Lair:1   | Entered Level 1 of the Lair of Beasts
 11927 | Lair:1   | Got a warped plate armour
 11938 | Lair:1   | Identified the cursed +1 plate armour of the Places {rElec
                  | rN+ Str+3 Slay+3} (You found it on level 1 of the Lair of
                  | Beasts)
 12513 | Lair:2   | Noticed Sonja
 12530 | Lair:2   | Killed Sonja
 12553 | Lair:2   | Noticed an eight-headed hydra
 12806 | Lair:2   | Noticed a four-headed hydra
 12820 | Lair:2   | Killed a four-headed hydra
 12820 | Lair:2   | Reached **** piety under Okawaru
 12876 | Lair:2   | Found a hole to the Spider Nest.
 12970 | Lair:2   | Killed an eight-headed hydra
 12970 | Lair:2   | Reached ***** piety under Okawaru
 13011 | Lair:2   | Reached skill level 1 in Maces & Flails
 13016 | Lair:2   | Reached skill level 11 in Axes
 13022 | Lair:2   | Gained mutation: You heal very quickly. [Vine Stalker
                  | growth]
 13022 | Lair:2   | Reached XP level 12. HP: 43/63 MP: 7/13
 13233 | Lair:2   | Reached skill level 1 in Invocations
 13334 | Lair:2   | Noticed Erica
 13343 | Lair:2   | Killed Erica
 13469 | Lair:2   | Received a gift from Okawaru
 13470 | Lair:2   | Found the +8 mithril axe "Arga" {speed, MR+}
 13936 | Lair:3   | Found a staircase to the Swamp.
 14288 | Lair:3   | Noticed a six-headed hydra
 14299 | Lair:3   | Killed a six-headed hydra
 14299 | Lair:3   | Reached skill level 12 in Axes
 14423 | Lair:3   | Noticed a six-headed hydra
 14439 | Lair:3   | Killed a six-headed hydra
 14519 | Lair:3   | Received a gift from Okawaru
 14610 | Lair:3   | Noticed a four-headed hydra
 14622 | Lair:3   | Killed a five-headed hydra
 15093 | Lair:3   | Noticed a six-headed hydra
 15101 | Lair:3   | Killed a six-headed hydra
 15101 | Lair:3   | Received a gift from Okawaru
 15319 | Lair:4   | Noticed a five-headed hydra
 15329 | Lair:4   | Killed a one-headed hydra
 15329 | Lair:4   | Reached XP level 13. HP: 55/68 MP: 12/15
 15513 | Lair:4   | Noticed Kirke
 15529 | Lair:4   | Noticed a sphinx
 15536 | Lair:4   | Killed Kirke
 16233 | Lair:5   | Found a staircase to the Slime Pits.
 16534 | Lair:5   | Reached ****** piety under Okawaru
 16571 | Lair:5   | Received a gift from Okawaru
 16571 | Lair:5   | Reached skill level 13 in Axes
 17081 | Lair:6   | Entered Level 6 of the Lair of Beasts
 17295 | Lair:6   | Reached XP level 14. HP: 75/75 MP: 16/16
 17303 | Lair:6   | Reached skill level 14 in Axes
 18074 | Swamp:1  | Entered Level 1 of the Swamp
 18183 | Swamp:1  | Received a gift from Okawaru
 18273 | Swamp:1  | Reached skill level 10 in Shields
 19036 | Swamp:2  | Reached skill level 10 in Fighting
 19042 | Swamp:2  | Noticed Jorgrun
 19072 | Swamp:2  | Killed Jorgrun
 19072 | Swamp:2  | Received a gift from Okawaru
 19072 | Swamp:2  | Reached skill level 1 in Evocations
 19228 | Swamp:2  | Found a transporter.
 19254 | Swamp:2  | HP: 2/77 [four-headed hydra (4)]
 19255 | Swamp:2  | Killed from afar by a spriggan druid

Skill      XL: |  1  2  3  4  5  6  7  8  9 10 11 12 13 14 |
---------------+-------------------------------------------+-----
Fighting       | 3 4 5 6 7 8 9 10 | 10.1
Axes           | 2 3 4 5 6 8 9 11 12 13 14 | 14.8
Shields        | 3 4 5 6 7 8 9 10 | 10.6
Armour         | 3 4 5 6 7 8 9 |  9.2
Dodging        | 1 2 3 4 |  4.5
Stealth        | 1 2 3 4 |  4.9
Maces & Flails | 1 2 |  2.9
Invocations    | 1 |  1.8
Evocations     | 1 |  1.1

Action                   |  1- 3 |  4- 6 |  7- 9 | 10-12 | 13-15 || total
-------------------------+-------+-------+-------+-------+-------++-------
Melee: War axe           |   102 |   165 |   292 |    10 |       ||   569
       Bite              |    20 |    34 |    91 |   201 |   187 ||   533
       Broad axe         |       |       |       |   570 |   386 ||   956
       Flail             |       |       |       |    45 |       ||    45
       Hand axe          |       |       |       |     6 |    45 ||    51
Invok: Heroism           |       |       |       |    15 |     8 ||    23
       Finesse           |       |       |       |       |     1 ||     1
 Abil: Evoke Invisibilit |       |       |       |       |     1 ||     1
Evoke: Wand              |       |       |       |     5 |       ||     5
  Use: Potion            |     1 |       |       |     2 |     2 ||     5
       Scroll            |       |       |       |    19 |    12 ||    31
 Stab: Sleeping          |       |       |     1 |     2 |       ||     3
       Distracted        |       |       |     1 |     1 |       ||     2
       Petrifying        |       |       |       |       |     1 ||     1
       Invisible         |       |       |       |       |     3 ||     3
       Confused          |       |       |       |       |     1 ||     1
  Eat: Chunk             |     2 |     5 |     6 |    11 |     9 ||    33
       Ration            |       |       |     2 |     6 |       ||     8
Armor: Scale mail        |    46 |    33 |       |       |       ||    79
       Ring mail         |       |     8 |    95 |    85 |       ||   188
       Chain mail        |       |       |       |    46 |       ||    46
       Plate armour      |       |       |       |   123 |   129 ||   252
Dodge: Dodged            |    43 |    56 |   133 |   390 |   185 ||   807
Block: Shield            |    58 |    78 |   153 |   487 |   248 ||  1024
